 Dungeon Crawl Stone Soup version 0.29.1-12-g30fa7ad0bf (webtiles) character file.

Game seed: 1543975026944331314

156 hawla the Chiller (level 5, -1/38 HPs)
             Began as a Meteoran Ice Elementalist on Jan 9, 2023.
             Slain by a gnoll
             ... wielding a +0 halberd
              (12 damage)
             ... on level 4 of the Dungeon.
             The game lasted 00:03:16 (403 turns).

hawla the Chiller (Meteoran Ice Elementalist)        Turns: 403, Time: 00:03:17

Health: -1/38      AC:  2    Str:  9    XL:     5   Next: 97%
Magic:  0/10       EV: 12    Int: 19    God:
Gold:   89         SH:  0    Dex: 14    Spells: 2/10 levels left

rFire   . . .      SeeInvis .   (no weapon)
rCold   . . .      Faith    .   (no shield)
rNeg    . . .      Spirit   .   a - +0 robe
rPois   .          Reflect  .   (no helmet)
rElec   .          Harm     .   (no cloak)
rCorr   .          Rampage  .   (no gloves)
Will    .....                   (no boots)
Stlth   +.........              (no amulet)
HPRegen 0.12/turn               (no ring)
MPRegen 0.12/turn               (no ring)

@: freezing walls, glowing
A: sense surroundings 1, otherworldly, glowing, explore regen
a: no special abilities


You were on level 4 of the Dungeon.
You visited 1 branch of the dungeon, and saw 4 of its levels.

You collected 89 gold pieces.

Inventory:

Armour
 a - a +0 robe (worn)
Scrolls
 d - a scroll of identify
 e - 3 scrolls of summoning {unknown}


   Skills:
 - Level 2.5 Dodging
 - Level 1.4 Stealth
 - Level 3.2 Spellcasting
 + Level 4.3 Conjurations
 - Level 5.4 Ice Magic


You had 2 spell levels left.
You knew the following spells:

 Your Spells              Type           Power      Damage    Failure   Level
a - Freeze                Ice            92%        1d10      1%          1
b - Frozen Ramparts       Ice            46%        1d7       4%          3
c - Hailstorm             Conj/Ice       21%        3d6       21%         4

Your spell library contained the following spells:

 Spells                   Type           Power      Damage    Failure   Level
 Ozocubu's Armour         Ice            23%        N/A       4%          3


Dungeon Overview and Level Annotations

Branches:
Dungeon (4/15) Zot: 1996
 Temple: D:4-7

Altars:


Innate Abilities, Weirdness & Mutations

You passively map a small area around you.
You are easily found by Zot.
You glow in the dark.
You regain HP and MP as you explore.


Message History

There are monsters nearby!
There are monsters nearby!
There are monsters nearby!
There are monsters nearby!
Casting: Frozen Ramparts (dangerous; 4% risk of failure)
Confirm with . or Enter, or press ? or * to list all spells.
Casting: Frozen Ramparts (dangerous; 4% risk of failure)
Press: ? - help, Dir - look around, f - activate The walls around you are covered in ice.
The wall freezes the gnoll.
The gnoll barely misses you.
Casting: Frozen Ramparts (dangerous; 4% risk of failure)
Confirm with . or Enter, or press ? or * to list all spells.
Aiming: Freeze (safe; 1% risk of failure)
Press: ? - help, Shift-Dir - straight line, f - gnoll
Aim: a gnoll, wielding a +0 whip and wearing a +0 robe You freeze the gnoll.
The gnoll is moderately wounded.
A jackal comes into view.
The wall freezes the gnoll.
The gnoll barely misses you.
The wall freezes the gnoll.
Casting: Freeze (safe; 1% risk of failure)
Confirm with . or Enter, or press ? or * to list all spells.
You don't have enough magic to cast this spell.
Unknown command.
As you read the scroll labelled DUPISI BEROU, it crumbles to dust.
It is a scroll of identify.
b - a scroll of poison The wall freezes the gnoll.
The gnoll hits you with a +0 whip.
* * * LOW HITPOINT WARNING * * *
The wall freezes the gnoll!
You kill the gnoll!
Unknown command.
Really read the scroll of poison?
Okay, then.
There are monsters nearby!
Really read the scroll of poison?
The air fills with toxic fumes!
As you read the scroll of poison, it crumbles to dust.
The gnoll hits you from afar with a +0 halberd!
You die...

#....†..........
#######.##...## ,,
#....K..## , ##
#†.)....... , ,
.########.##..##### * ,
.........§##§.# , , ,
.........§§§§§### ** ,
.........####§§§### , ,
.........§§§§§§§@g#* *
.........####§#§#§§§§§§§
..............#§#§g§§§§§
.........###..#§#§§g§§§§
#........# #..#§#§§§§§§§
* ###....###
#..#§#§§§§§§§ * ######)#
#.(#§#§§§§§§§ ...# #.#
#..#§#§§§§§§§ , ...# #.#
#..#.#** *


You could see 3 gnolls.

Vanquished Creatures
  2 hounds (D:4)
  3 gnolls (D:4)
  4 adders (D:4)
  2 dart slugs
  2 orcs
  A bat (D:3)
  An endoplasm (D:2)
  A giant cockroach (D:4)
  4 goblins
  2 hobgoblins
  3 ball pythons (D:4)
  A frilled lizard (D:3)
  A kobold (D:4)
  2 rats (D:1)
29 creatures vanquished.

Notes
Turn   | Place    | Note
-------+----------+-------------------------------------------
     0 | D:1      | hawla the Meteoran Ice Elementalist began the quest for the
                  | Orb.
     0 | D:1      | Reached XP level 1. HP: 14/14 MP: 5/5
    64 | D:1      | Reached XP level 2. HP: 19/20 MP: 4/6
   156 | D:3      | Reached skill level 5 in Ice Magic
   183 | D:3      | Reached XP level 3. HP: 26/26 MP: 6/8
   187 | D:3      | Learned a level 3 spell: Frozen Ramparts
   294 | D:4      | Reached XP level 4. HP: 26/33 MP: 4/9
   299 | D:4      | Learned a level 4 spell: Hailstorm
   330 | D:4      | Reached XP level 5. HP: 6/38 MP: 5/10
   333 | D:4      | HP: 1/38 [poisoned by an adder]
   403 | D:4      | Slain by a gnoll

Illustrated notes

Levels and vault maps discovered:
D:1:      pf_arrival_petrified_forest, layout_rooms, serial_rivers,
          chequers_serial_rivers_micro_b, chequers_serial_rivers_large_b,
          chequers_serial_rivers_micro_e, chequers_serial_rivers_micro_d,
          chequers_serial_rivers_large_a
D:2:      layout_rooms, nicolae_ecumenical_lake_church,
          corexii_item_surrounded_by_moat, kennysheep_nub,
          minmay_misc_feat_rugged
D:3:      layout_loops_corners, minmay_crystal_water, uniq_crazy_yiuf_cottage
D:4:      layout_basic, jmf_multi_god_temple

Skill      XL: |  1  2  3  4  5 |
---------------+----------------+-----
Ice Magic      | 5 |  5.4
Spellcasting   | 3 |  3.2
Conjurations   | 2 4 |  4.3
Dodging        | |  2.5
Stealth        | |  1.4

Action                   |  1- 3 |  4- 6 || total
-------------------------+-------+-------++-------
Melee: Unarmed           |     9 |       ||     9
 Cast: Freeze            |    29 |    10 ||    39
       Frozen Ramparts   |       |     7 ||     7
  Use: Potion            |       |     2 ||     2
       Scroll            |       |     2 ||     2
Armor: Robe              |     4 |     2 ||     6
Dodge: Dodged            |    18 |    12 ||    30
